 Dungeon Crawl Stone Soup version 0.30-a0-772-g5528072125 (webtiles) character file.

Game seed: 4205603254716321466

51 joshdumdum the Caller (level 3, -3/14 HPs)
             Began as a Felid Summoner on Feb 13, 2023.
             Slain by a worm (8 damage)
             ... on level 3 of the Dungeon.
             The game lasted 00:14:14 (1204 turns).

joshdumdum the Caller (Felid Summoner)              Turns: 1204, Time: 00:14:14

Health: -3/14      AC:  1    Str:  4    XL:     3   Next: 57%
Magic:  2/7        EV: 17    Int: 18    God:
Gold:   57         SH:  0    Dex: 16    Spells: 4/7 levels left
                                        Lives:  0   Deaths: 0

rFire   . . .      SeeInvis +    (weapon unavailable)
rCold   . . .      Faith    .    (shield unavailable)
rNeg    . . .      Spirit   .    (body armour unavailable)
rPois   .          Reflect  .    (helmet unavailable)
rElec   .          Harm     .    (cloak unavailable)
rCorr   .          Rampage  .    (gloves unavailable)
Will    .....                    (boots unavailable)
Stlth   ++                       (no amulet)
HPRegen 0.22/turn                (no ring)
MPRegen 0.10/turn                (no ring)

@: quick
A: very small, claws 1, fangs 3, see invisible, speed 1, shaggy fur 1, stealthy
paws, no weapons or thrown items, no armour, multi-lived
a: no special abilities


You were on level 3 of the Dungeon.
You visited 1 branch of the dungeon, and saw 3 of its levels.

You collected 57 gold pieces.

Inventory:

Scrolls
 d - 2 scrolls of fear {unknown}
 e - a scroll of identify {unknown}
 g - a scroll of fog {unknown}
Potions
 a - a potion of magic
 c - a potion of curing
 f - a potion of flight {unknown}


   Skills:
 + Level 2.8 Dodging
 + Level 3.2 Stealth
 + Level 0.7 Unarmed Combat
 + Level 2.5 Spellcasting
 + Level 4.6 Summonings


You had 4 spell levels left.
You knew the following spells:

 Your Spells              Type           Power      Damage    Failure   Level
a - Summon Small Mammal   Summ           76%        N/A       2%          1
b - Call Imp              Summ           19%        N/A       3%          2

Your spell library contained the following spells:

 Spells                   Type           Power      Damage    Failure   Level
 Call Canine Familiar     Summ           19%        N/A       8%          3
 Summon Guardian Golem    Hex/Summ       10%        N/A       21%         3
 Cigotuvi's Dreadful Rot  Necr/Pois/Air  4%         N/A       26%         2
 Poisonous Vapours        Pois/Air       4%         N/A       26%         2
 Mephitic Cloud           Conj/Pois/Air  2%         N/A       45%         3
 Vhi's Electric Charge    Tloc/Air       4%         N/A       45%         3
 Summon Lightning Spire   Summ/Air       10%        N/A       54%         4
 Arcjolt                  Conj/Air       1%         1d11      99%         5
 Maxwell's Capacitive Co  Air            1%         ∞         100%        8


Dungeon Overview and Level Annotations

Branches:
Dungeon (3/15)

Altars:

Shops:
D:1 [

Annotations:
D:2 Terence


Innate Abilities, Weirdness & Mutations

You have sharp claws.
You have razor-sharp teeth.
You have supernaturally acute eyesight. (SInv)
You cover ground quickly. (Speed+)
You are covered in fur. (AC +1)
Your paws help you pounce on unaware monsters.
You are incapable of wielding weapons or throwing items.
You cannot wear armour.
You gain extra lives every three experience levels.


Message History

Your crimson imp hits the worm but does no damage.
Your bat hits the worm but does no damage.
The worm closely misses your bat.
A worm is nearby!
Your crimson imp hits the worm.
You open the door.
Your bat barely misses the worm.
Your crimson imp barely misses the worm.
Your bat hits the worm but does no damage.
There is an open door here.
Your bat hits the worm.
Your crimson imp hits the worm.
Your bat hits the worm.
Your crimson imp blinks!
Your bat hits the worm.
Your bat hits the worm but does no damage.
Your bat hits the worm. What are your orders? t - Meow!
Orders for allies: a - Attack new target. r - Retreat! s - Stop attacking. g - Guard the area. f - Follow me.
Anything else - Cancel.
Gang up on whom?
Press: ? - help, Dir - move target, f - worm
Aim: a worm (lightly wounded, ally target) Attack!
Your bat hits the worm.
You swap places.
Your bat hits the worm but does no damage.
The worm bites you!
Ouch! That really hurt!
You scratch the worm.
The worm is moderately wounded.
Your crimson imp disappears in a puff of smoke!
Your bat barely misses the worm.
Your bat hits the worm but does no damage.
You barely miss the worm.
The worm is moderately wounded.
Your bat hits the worm but does no damage.
The worm bites you!
Ouch! That really hurt!
You die...

#.#....# ....
#.#....######....
####....<...........
#.......#..........#
#.......#...........
#..................#
#####'#.............
#...#............#
#...w@...........#
#...#b...#####....
#...#.##.# ....
#........# ...
#........# ..
#...........#
#.....#.....#
#.....#.......
#.....##+####..


You could see a worm (ally target) and a friendly bat (summoned).

Vanquished Creatures
  2 adders (D:2)
  A dart slug (D:1)
  A ball python (D:2)
  2 goblins
  A hobgoblin (D:1)
  2 bats (D:1)
  A kobold (D:1)
10 creatures vanquished.

Vanquished Creatures (collateral kills)
  2 dart slugs (D:2)
  6 endoplasms
  A giant cockroach (D:1)
  2 hobgoblins
  A quokka (D:1)
  A ball python (D:1)
  A kobold (D:1)
  A rat (D:1)
15 creatures vanquished.

Grand Total: 25 creatures vanquished

Notes
Turn   | Place    | Note
-------+----------+-------------------------------------------
     0 | D:1      | joshdumdum the Felid Summoner began the quest for the Orb.
     0 | D:1      | Reached XP level 1. HP: 7/7 MP: 4/4
    47 | D:1      | Found a faded altar of an unknown god.
   119 | D:1      | Found Ytil Noo's Armour Boutique.
   209 | D:1      | Reached XP level 2. HP: 11/11 MP: 3/6
   718 | D:1      | Learned a level 2 spell: Call Imp
   908 | D:2      | Reached XP level 3. HP: 14/14 MP: 3/7
  1128 | D:2      | Noticed Terence
  1204 | D:3      | Slain by a worm

Illustrated notes

Levels and vault maps discovered:
D:1:      spicycebolla_green_bress_n_ham_2, layout_rooms, serial_shops, shop,
          chequers_ecumenical_altar_simple_redux, grunt_decor_fettered,
          minivault_23, hex_medium
D:2:      layout_rooms, serial_rivers, chequers_serial_rivers_micro_e,
          chequers_serial_rivers_micro_a, chequers_serial_rivers_marsh,
          chequers_serial_rivers_micro_b, chequers_serial_rivers_room_b,
          chequers_serial_rivers_micro_b, kennysheep_cluttered_room,
          minmay_misc_feat_diagonals, uniq_terence, uniq_crazy_yiuf_cottage
D:3:      layout_basic, lemuel_coloured_pillars_altar, portal_sewer_entry_e,
          uniq_sigmund

Skill      XL: |  1 |
---------------+----+-----
Stealth        | 3 |  3.2
Dodging        | |  2.8
Unarmed Combat | |  0.7
Spellcasting   | |  2.5
Summonings     | |  4.6

Action                     || total
---------------------------++-------
  Melee: Unarmed           ||    40
         Bite              ||     3
         Punch             ||     1
   Cast: Summon Small Mamm ||    44
         Call Imp          ||     7
    Use: Potion            ||     2
   Stab: Sleeping          ||     2
 Armour: Skin              ||     4
  Dodge: Dodged            ||    37

Table legend: (Time is in decaauts)
 A = Elapsed time spent in this place.
 B = Non-inter-level travel time spent in this place.
 C = Inter-level travel time spent in this place.
 D = Time resting spent in this place.
 E = Time spent auto-exploring this place.
 F = Levels seen in this place.
 G = Mean time per level.
                   A        B        C        D        E       F      G
               +--------+--------+--------+--------+--------+-----+--------+
         Total |   1014 |    556 |    458 |      0 |    184 |   3 |  338.0 |
       Dungeon |   1014 |    556 |    458 |      0 |    184 |   3 |  338.0 |
               +--------+--------+--------+--------+--------+-----+--------+

Top non-repeatable levels by time:
     D:1: 640 daAuts
     D:2: 342 daAuts
     D:3: 31 daAuts
